 Dungeon Crawl Stone Soup version 0.29-a0-490-g77b3608bb8 (webtiles) character file.

Game seed: 8990183749868529179

2 happo123 the Sneak (level 1, 0/10 HPs)
             Began as a Kobold Enchanter on May 26, 2022.
             Slain by a goblin
             ... wielding a +0 dagger
              (3 damage)
             ... on level 1 of the Dungeon.
             The game lasted 00:00:29 (423 turns).

happo123 the Sneak (Kobold Enchanter)                Turns: 423, Time: 00:00:29

Health: 0/10       AC:  2    Str:  5    XL:     1   Next: 33%
Magic:  3/3        EV: 15    Int: 16    God:
Gold:   21         SH:  0    Dex: 15    Spells: 4/4 levels left

rFire   . . .      SeeInvis .   a - +1 dagger
rCold   . . .      Faith    .   (no shield)
rNeg    . . .      Spirit   .   b - +0 robe
rPois   .          Reflect  .   (no helmet)
rElec   .          Harm     .   (no cloak)
rCorr   .          Rampage  .   (no gloves)
Will    .....                   (no boots)
Stlth   ++++......              (no amulet)
HPRegen 0.03/turn               (no ring)
MPRegen 0.08/turn               (no ring)

@: no status effects
A: small, no large weapons, nightstalker 3
a: no special abilities


You were on level 1 of the Dungeon.
You visited 1 branch of the dungeon, and saw 1 of its levels.

You collected 21 gold pieces.

Inventory:

Hand Weapons
 a - a +1 dagger (weapon)
Armour
 b - a +0 robe (worn)
Scrolls
 e - a scroll of blinking {unknown}
Potions
 c - 2 potions of invisibility
 d - a potion of cancellation {unknown}


   Skills:
 + Level 0.1 Fighting
 + Level 1.4 Short Blades
 + Level 2.5 Dodging
 + Level 4.0 Stealth
 + Level 2.2 Spellcasting
 * Level 3.0 Hexes


You had 4 spell levels left.
You didn't know any spells.
Your spell library contained the following spells:

 Spells                   Type           Power      Damage    Failure   Level
 Ensorcelled Hibernation  Hex/Ice        12%        N/A       17%         2
 Confusing Touch          Hex            11%        N/A       17%         3
 Tukima's Dance           Hex            11%        N/A       17%         3
 Dazzling Flash           Conj/Hex       12%        N/A       32%         3


Dungeon Overview and Level Annotations

Branches:
Dungeon (1/15)

Altars:


Innate Abilities, Weirdness & Mutations

You are small and have problems with some larger weapons.
You are completely attuned to the shadows.


Message History

You hit the bat.
The bat is severely wounded.
The bat barely misses you. The bat hits you but does no damage. x2
You hit the bat.
You kill the bat!
You see here a bat corpse.
HP restored.
A ball python comes into view.
Found a glowing mace.
The helpless ball python fails to defend itself.
You puncture the ball python!
You kill the ball python!
You see here a +1 vorpal mace.
A goblin comes into view. It is wielding a +0 dagger.
The goblin shouts!
You hear a shout!
The goblin barely misses you.
You hit the goblin.
The goblin is heavily wounded.
The goblin closely misses you.
You hit the goblin.
The goblin is severely wounded.
The goblin hits you with a +0 dagger.
You hit the goblin but do no damage.
The goblin is severely wounded.
A goblin comes into view. It is wielding a +0 dagger.
The goblin hits you with a +0 dagger.
You closely miss the goblin.
The goblin is severely wounded.
The goblin closely misses you.
You barely miss the goblin.
The goblin is severely wounded.
The goblin hits you with a +0 dagger.
* * * LOW HITPOINT WARNING * * *
You closely miss the goblin.
The goblin is severely wounded.
The goblin closely misses you.
You closely miss the goblin.
The goblin is severely wounded.
The goblin closely misses you. The goblin hits you with a +0 dagger.
You die...

##########
..#.....)..#
####
#.#.#......#
#...
#.#.#.######
#.#. #
#.#.......
#.#.
##.#..##.####
#.#.
...g@......#
#.#.
≈.≈g≈..#.#.#
#.#.
....≈..#.#.#
#.#.
###.≈..#.#.#
#.#.
#.≈..#.#.#
#.#. #.# #.#.
#.# #.#.
#.#######.#.
###.........##


You could see 2 goblins.

Vanquished Creatures
  A ball python (D:1)
  A bat (D:1)
2 creatures vanquished.

Notes
Turn   | Place    | Note
-------+----------+-------------------------------------------
     0 | D:1      | happo123 the Kobold Enchanter began the quest for the Orb.
     0 | D:1      | Reached XP level 1. HP: 10/10 MP: 3/3
   423 | D:1      | Slain by a goblin

Illustrated notes

Levels and vault maps discovered:
D:1:      mushboom_english_gardens, layout_basic,
          shapermc_ecumenical_altar_acropolis

Action                   || total
-------------------------++-------
Melee: Dagger            ||    14
 Stab: Sleeping          ||     1
Armor: Robe              ||     7
Dodge: Dodged            ||    18

Table legend: (Time is in decaauts)
 A = Elapsed time spent in this place.
 B = Non-inter-level travel time spent in this place.
 C = Inter-level travel time spent in this place.
 D = Time resting spent in this place.
 E = Time spent auto-exploring this place.
 F = Levels seen in this place.
 G = Mean time per level.
                   A        B        C        D        E       F      G
               +--------+--------+--------+--------+--------+-----+--------+
         Total |    422 |    416 |      6 |      0 |    381 |   1 |  422.0 |
       Dungeon |    422 |    416 |      6 |      0 |    381 |   1 |  422.0 |
               +--------+--------+--------+--------+--------+-----+--------+

Top non-repeatable levels by time:
     D:1: 422 daAuts
